 Dungeon Crawl Stone Soup version 0.29-a0-91-gdebf4667c2 (webtiles) character file.

Game seed: 12764602247548353711

72 YayAnonymity the Chopper (level 4, -1/61 HPs)
             Began as a Gnoll Berserker on Feb 7, 2022.
             Was a Believer of Trog.
             Slain by a gnoll (4 damage)
             ... on level 3 of the Dungeon.
             The game lasted 00:03:11 (2124 turns).

YayAnonymity the Chopper (Gnoll Berserker)          Turns: 2124, Time: 00:03:11

Health: -1/61      AC:  7    Str: 18    XL:     4   Next: 25%
Magic:  5/5        EV: 12    Int:  7    God:    Trog [**....]
Gold:   64         SH:  0    Dex: 11    Spells: 5/5 levels left

rFire   + . .      SeeInvis .   a - +0 whip (venom)
rCold   . . .      Faith    .   (no shield)
rNeg    + . .      Spirit   .   q - +0 ring mail
rPois   .          Reflect  .   k - +0 helmet
rElec   .          Harm     .   (no cloak)
rCorr   .          Rampage  .   (no gloves)
Will    .....                   (no boots)
Stlth   ..........              (no amulet)
HPRegen 0.20/turn               h - ring of positive energy
MPRegen 0.09/turn               l - ring of protection from fire

@: berserking, very quick
A: fangs 1, strong nose, distributed training
a: Renounce Religion, Berserk, Trog's Hand


You were on level 3 of the Dungeon.
You worshipped Trog.
Trog was pleased with you.
You visited 1 branch of the dungeon, and saw 3 of its levels.

You collected 64 gold pieces.

Inventory:

Hand Weapons
 a - a +0 whip of venom (weapon)
 b - a +3 vorpal spear
Missiles
 m - 3 poisoned darts (quivered)
Armour
 k - a +0 helmet (worn)
 q - a +0 ring mail (worn)
Jewellery
 h - a ring of positive energy (left hand)
 l - a ring of protection from fire (right hand)
 o - a ring of magical power
Scrolls
 d - a scroll of teleportation {unknown}
 e - 2 scrolls of identify {unknown}
 f - a scroll of fog {unknown}
 i - a scroll of noise {unknown}
 j - 3 scrolls of torment {unknown}
 n - a scroll of immolation {unknown}
 p - a scroll of vulnerability {unknown}
Potions
 c - 2 potions of heal wounds {unknown}
 g - a potion of lignification {unknown}


   Skills:
 + Level 6.6 Fighting
 + Level 1.1 Short Blades
 + Level 1.1 Long Blades
 + Level 6.6 Axes
 + Level 1.1 Maces & Flails
 + Level 1.1 Polearms
 + Level 1.1 Staves
 + Level 1.1 Slings
 + Level 1.1 Bows
 + Level 1.1 Crossbows
 + Level 1.1 Throwing
 + Level 4.6 Armour
 + Level 4.6 Dodging
 + Level 1.1 Stealth
 + Level 1.1 Shields
 + Level 1.1 Unarmed Combat
 + Level 1.1 Spellcasting
 + Level 0.8 Conjurations
 + Level 0.8 Hexes
 + Level 0.8 Summonings
 + Level 0.8 Necromancy
 + Level 0.8 Translocations
 + Level 0.8 Transmutations
 + Level 0.8 Fire Magic
 + Level 0.8 Ice Magic
 + Level 0.8 Air Magic
 + Level 0.8 Earth Magic
 + Level 0.8 Poison Magic
 + Level 1.2 Invocations
 + Level 1.1 Evocations


You had 5 spell levels left.
You didn't know any spells.
Your spell library was empty.

Dungeon Overview and Level Annotations

Branches:
Dungeon (3/15)

Altars:
Wu Jian


Innate Abilities, Weirdness & Mutations

You have very sharp teeth.
Your uncanny sense of smell can sniff out nearby items.
Your experience applies equally to all skills.


Message History

The gnoll barely misses you. x2
You hit the gnoll shaman but do no damage.
The gnoll shaman is poisoned.
You bite the gnoll shaman, but do no damage.
The gnoll hits you from afar with a +0 spear.
The gnoll shaman calls upon its god to speed up the gnoll.
The gnoll seems to speed up.
You hit the gnoll shaman.
The gnoll shaman looks as sick as possible!
You punch the gnoll shaman.
The gnoll shaman is lightly wounded.
The gnoll barely misses you.
The gnoll hits you from afar with a +0 halberd.
The gnoll hits you from afar with a +0 spear.
* * * LOW HITPOINT WARNING * * *
The gnoll shaman barely misses you.
You are too injured to fight recklessly!
You are too injured to fight recklessly!
The gnoll hits you from afar with a +0 halberd.
* * * LOW HITPOINT WARNING * * *
The gnoll hits you from afar with a +0 spear.
* * * LOW HITPOINT WARNING * * *
The gnoll shaman prays to its god.
The gnoll shaman is healed somewhat.
The gnoll closely misses you.
The gnoll shaman mumbles some strange prayers to its god.
The gnoll shaman is healed somewhat.
The gnoll hits you from afar with a +0 spear.
* * * LOW HITPOINT WARNING * * *
The gnoll shaman prays to its god.
The gnoll shaman is healed somewhat.
The gnoll barely misses you.
A red film seems to cover your vision as you go berserk!
You feel yourself moving faster!
You feel mighty!
The gnoll hits you from afar with a +0 spear.
* * * LOW HITPOINT WARNING * * *
The gnoll completely misses you.
You feel a strong urge to attack something.
The gnoll hits you from afar with a +0 halberd.
You die...

###### #### #....#
#..#########....#
#@#.........#...##
##g#.≈≈≈≈≈≈≈.#.....
#gg#≈..≈≈≈..≈#.....
#.g#≈.≈...≈.≈#.....
#.g#≈.≈._.≈.≈#>....
#..#≈.≈...≈.≈######
#..#≈..≈≈≈..≈# #
#..#.≈≈≈≈≈≈≈.# #
#..#.........######


You could see a gnoll shaman (very poisoned) and 4 gnolls.

Vanquished Creatures
  2 adders (D:2)
  A worm (D:2)
  2 dart slugs (D:2)
  5 orcs (D:3)
  2 ball pythons
  5 bats
  3 endoplasms
  A giant cockroach (D:1)
  4 hobgoblins
  5 kobolds
  3 quokkas
  4 goblins
37 creatures vanquished.

Notes
Turn   | Place    | Note
-------+----------+-------------------------------------------
     0 | D:1      | YayAnonymity the Gnoll Berserker began the quest for the
                  | Orb.
     0 | D:1      | Reached XP level 1. HP: 23/23 MP: 1/1
   182 | D:1      | Reached XP level 2. HP: 28/29 MP: 2/2
   209 | D:1      | Found a faded altar of an unknown god.
  1069 | D:2      | Reached XP level 3. HP: 25/35 MP: 3/3
  1580 | D:2      | Reached skill level 1 in Invocations
  1873 | D:2      | Reached skill level 1 in Short Blades
  1873 | D:2      | Reached skill level 1 in Long Blades
  1873 | D:2      | Reached skill level 1 in Maces & Flails
  1873 | D:2      | Reached skill level 1 in Polearms
  1873 | D:2      | Reached skill level 1 in Staves
  1873 | D:2      | Reached skill level 1 in Slings
  1873 | D:2      | Reached skill level 1 in Bows
  1873 | D:2      | Reached skill level 1 in Crossbows
  1873 | D:2      | Reached skill level 1 in Throwing
  1873 | D:2      | Reached skill level 1 in Stealth
  1873 | D:2      | Reached skill level 1 in Shields
  1873 | D:2      | Reached skill level 1 in Unarmed Combat
  1873 | D:2      | Reached skill level 1 in Spellcasting
  1873 | D:2      | Reached skill level 1 in Evocations
  1873 | D:2      | Reached XP level 4. HP: 41/41 MP: 5/5
  2008 | D:3      | Reached ** piety under Trog
  2077 | D:3      | Found an ornate altar of the Wu Jian Council.
  2119 | D:3      | HP: 2/41 [gnoll (3)]
  2124 | D:3      | Slain by a gnoll

Illustrated notes

Levels and vault maps discovered:
D:1:      evilmike_arrival_plus, layout_basic,
          dreamdust_ecumenical_altar_hidden_monk_grotto, minmay_misc_feat_five,
          grunt_decor_mini_mirrors, minmay_misc_feat_tiny
D:2:      layout_loops_ring, nrook_campfire, kennysheep_cluttered_room
D:3:      cheibrodos_helix_gallery, layout_basic,
          nicolae_overflow_ecumenical_swirl, mainiacjoe_overflow_paths,
          grunt_temple_overflow_champion_of_chaos, minmay_misc_feat_cross,
          chequers_serial_rivers_marsh

Skill      XL: |  1  2  3 |
---------------+----------+-----
Invocations    | 1 |  1.2
Short Blades   | 1 |  1.1
Long Blades    | 1 |  1.1
Maces & Flails | 1 |  1.1
Polearms       | 1 |  1.1
Staves         | 1 |  1.1
Slings         | 1 |  1.1
Bows           | 1 |  1.1
Crossbows      | 1 |  1.1
Throwing       | 1 |  1.1
Stealth        | 1 |  1.1
Shields        | 1 |  1.1
Unarmed Combat | 1 |  1.1
Spellcasting   | 1 |  1.1
Evocations     | 1 |  1.1
Fighting       | |  6.6
Axes           | |  6.6
Armour         | |  4.6
Dodging        | |  4.6
Conjurations   | |  0.8
Hexes          | |  0.8
Summonings     | |  0.8
Necromancy     | |  0.8
Translocations | |  0.8
Transmutations | |  0.8
Fire Magic     | |  0.8
Ice Magic      | |  0.8
Air Magic      | |  0.8
Earth Magic    | |  0.8
Poison Magic   | |  0.8

Action                   |  1- 3 |  4- 6 || total
-------------------------+-------+-------++-------
Melee: Hand axe          |    23 |       ||    23
       Bite              |     7 |     3 ||    10
       Whip              |    41 |    21 ||    62
       Spear             |    10 |       ||    10
       Punch             |       |     1 ||     1
Invok: Berserk           |       |     1 ||     1
  Use: Potion            |     1 |       ||     1
 Stab: Sleeping          |     1 |       ||     1
Armor: Animal skin       |    10 |       ||    10
       Chain mail        |     6 |     3 ||     9
       Ring mail         |       |     1 ||     1
Dodge: Dodged            |    41 |    11 ||    52

Table legend: (Time is in decaauts)
 A = Elapsed time spent in this place.
 B = Non-inter-level travel time spent in this place.
 C = Inter-level travel time spent in this place.
 D = Time resting spent in this place.
 E = Time spent auto-exploring this place.
 F = Levels seen in this place.
 G = Mean time per level.
                   A        B        C        D        E       F      G
               +--------+--------+--------+--------+--------+-----+--------+
         Total |   2129 |   1956 |    173 |    212 |   1367 |   3 |  709.7 |
       Dungeon |   2129 |   1956 |    173 |    212 |   1367 |   3 |  709.7 |
               +--------+--------+--------+--------+--------+-----+--------+

Top non-repeatable levels by time:
     D:1: 1021 daAuts
     D:2: 983 daAuts
     D:3: 123 daAuts
